 Dungeon Crawl Stone Soup version 0.20-a0-785-g17250f0 (webtiles) character file.

6031 Gorglomux the Grappler (level 10, -11/92 HPs)
             Began as a Troll Hunter on Feb 27, 2017.
             Was a Believer of Okawaru.
             Mangled by a three-headed hydra (16 damage)
             ... on level 8 of the Dungeon.
             The game lasted 00:23:21 (7428 turns).

Gorglomux the Grappler (Troll Hunter)               Turns: 7428, Time: 00:23:21

Health: -11/92     AC:  8    Str: 25    XL:     10   Next: 56%
Magic:  7/9        EV: 12    Int:  5    God:    Okawaru [**....]
Gold:   508        SH: 13    Dex: 10    Spells: 9/9 levels left

rFire    . . .     SeeInvis .     - Unarmed
rCold    . . .     Gourm    +   q - +0 robe
rNeg     . . .     Faith    .   U - +0 shield
rPois    .         Spirit   .   (helmet restricted)
rElec    .         Reflect  .   t - +2 cloak
rCorr    .         Harm     .   (gloves unavailable)
MR       +....                  (boots unavailable)
Stlth    +++.......             h - amulet of rage
Regen    0.7/turn               p - -2 ring of intelligence
MPRegen  0.2/turn               m - ring of protection from magic

@: heroism, flying
A: unfitting armour, claws 3, fast metabolism 3, gourmand, regeneration 1,
shaggy fur 1, tough skin 2
a: Heroism, Renounce Religion, Evoke Berserk Rage


You were on level 8 of the Dungeon.
You worshipped Okawaru.
Okawaru was pleased with you.
You were completely stuffed.

You visited 2 branches of the dungeon, and saw 9 of its levels.

You collected 508 gold pieces.

Inventory:

Hand Weapons
 b - a +0 blowgun
Missiles
 g - 2 needles of sleeping
 i - 7 needles of paralysis
 H - 29 poisoned needles
 I - a tomahawk of returning (quivered)
 X - 236 stones
 Z - 2 throwing nets
Armour
 q - a +0 robe (worn)
 t - a +2 cloak (worn)
 U - a +0 shield (worn)
Jewellery
 e - an uncursed ring of poison resistance {unknown}
 h - an amulet of rage (around neck)
 m - a ring of protection from magic (left claw)
 p - a -2 ring of intelligence (right claw)
 x - an uncursed ring of stealth
Scrolls
 a - a scroll of acquirement {unknown}
 j - a scroll of brand weapon {unknown}
 k - a scroll of fog
 l - a scroll of amnesia {unknown}
 o - a scroll of immolation {unknown}
 r - a scroll of random uselessness {unknown}
 u - a scroll of recharging {unknown}
 v - a scroll of fear {unknown}
 A - a scroll of enchant weapon {unknown}
 B - a scroll of blinking
 F - 3 scrolls of remove curse
 M - 3 scrolls of magic mapping
 T - a scroll of teleportation
Potions
 y - 3 potions of ambrosia
 D - 2 potions of cancellation
 E - 2 potions of might
 G - 2 potions of magic
 J - a potion of flight
 L - 3 potions of degeneration
 N - a potion of brilliance {unknown}
 P - a potion of resistance {unknown}
 Q - a potion of heal wounds {unknown}
 S - 2 potions of curing
 V - 2 potions of lignification
 W - a potion of haste
 Y - a potion of berserk rage {unknown}
Books
 n - a book of Geomancy

   Spells                             Type                      Level
   a - Sandblast                      Earth                        1
   b - Passwall                       Transmutation/Earth          2
   c - Stone Arrow                    Conjuration/Earth            3
   d - Petrify                        Transmutation/Earth          4
   e - Lee's Rapid Deconstruction     Earth                        5
 C - a book of Cantrips

   Spells                             Type                      Level
   a - Confusing Touch                Hexes                        1
   b - Animate Skeleton               Necromancy                   1
   c - Summon Small Mammal            Summoning                    1
   d - Apportation                    Translocation                1
Comestibles
 f - 4 bread rations
 z - 12 fruits
 K - 3 meat rations
 O - 10 royal jellies
 R - a chunk of flesh


   Skills:
 - Level 4.1(9.1) Fighting
 - Level 7.8(12.8) Throwing
 - Level 1.5(6.5) Dodging
 - Level 0.3(5.3) Stealth
 + Level 8.1(13.1) Shields
 - Level 9.1(14.1) Unarmed Combat


You had 9 spell levels left.
You didn't know any spells.

Dungeon Overview and Level Annotations

Branches:
Dungeon (8/15)             Temple (1/1) D:7
   Lair: D:8-11

Altars:
Ashenzari
Dithmenos
Gozag
Hepliaklqana
Kikubaaqudgha
Nemelex Xobeh
Okawaru
Qazlal
Ru
Uskayaw
Vehumet
Xom
Yredelemnul
Zin
The Shining One
Beogh


Innate Abilities, Weirdness & Mutations

You are too large for most types of armour.
You have claws for hands.
Your metabolism is lightning-fast.
You like to eat raw meat.
Your natural rate of healing is unusually fast.
You are covered in fur. (AC +1)
You have very tough skin. (AC +2)


Message History

The three-headed hydra bites you but does no damage.
You block the three-headed hydra's attack.
The three-headed hydra bites you!
* * * LOW HITPOINT WARNING * * *
Unknown command.
You feel better. The three-headed hydra bites you.
* * * LOW HITPOINT WARNING * * *
The three-headed hydra bites you.
* * * LOW HITPOINT WARNING * * *
The three-headed hydra bites you!
* * * LOW HITPOINT WARNING * * *
Unknown command.
It was a potion of flight.
You feel very buoyant.
You fly up into the air.
You block the three-headed hydra's attack. x2
The three-headed hydra bites you but does no damage.
You block the three-headed hydra's attack.
The three-headed hydra bites you!
You die...

####...##.# #.# #.###.#.#.##.#
##.###.# #.# #.# ##.#..##..
####.###.# #.# #.# #.###.>##
#........#####.###.# #.###..##
#............(.....####.#..##..
#......[......(.(.......##.##.#
#.........###################.#
#..........#PP≈P.K)(# #..
#.......#.##P≈@D≈#.%# ###
#[......#..#≈.P≈P##+# #
####.#####.#.....#..# #.
#..≈....'..# #. ###...P.'..#
#≈....'..# #.....#..# ##
########## #. #.# ###.


You could see a three-headed hydra and a big kobold.

Vanquished Creatures
  A two-headed ogre (D:6)
  An ugly thing (D:7)
  2 dream sheep (D:8)
  2 yaks (D:8)
  Edmund (D:4)
  The ghost of Sapher the Ruffian, an amateur GrTm (D:7)
  Duvessa (D:5)
  9 orc warriors
  An ice beast (D:7)
  2 black bears
  An eye of draining (D:8)
  5 ogres
  2 phantoms
  2 centaurs
  2 big kobolds (D:8)
  Dowan (D:5)
  2 scorpions
  8 wights
  2 howler monkeys
  A crimson imp (D:5)
  2 jellies
  2 bullfrog zombies
  A gnoll shaman (D:4)
  4 hounds
  A centaur skeleton (D:5)
  8 orc priests
  A bullfrog skeleton (D:8)
  12 orc wizards
  3 iguanas
  3 worker ants
  A killer bee zombie (D:7)
  4 gnolls (D:4)
  9 adders
  2 oozes
  2 adder zombies
  A worm (D:2)
  2 dart slugs
  4 leopard geckos
  61 orcs
  9 bats
  6 giant cockroaches
  7 goblins
  11 hobgoblins
  4 jackals
  4 quokkas
  2 ball pythons
  6 frilled lizards
  A giant cockroach zombie (D:6)
  6 kobolds
  A quokka zombie (D:6)
  10 rats
237 creatures vanquished.

Notes
Turn   | Place    | Note
-------+----------+-------------------------------------------
     0 | D:1      | Gorglomux the Troll Hunter began the quest for the Orb.
     0 | D:1      | Reached XP level 1. HP: 19/19 MP: 0/0
   282 | D:1      | Reached skill level 1 in Unarmed Combat
   293 | D:1      | Reached XP level 2. HP: 28/28 MP: 1/1
   590 | D:1      | Reached skill level 2 in Unarmed Combat
   908 | D:2      | Reached XP level 3. HP: 35/35 MP: 2/2
   959 | D:2      | Found a stormy altar of Qazlal.
  1359 | D:2      | Reached XP level 4. HP: 36/44 MP: 3/3
  1822 | D:3      | Reached skill level 3 in Fighting
  1845 | D:3      | Reached skill level 3 in Unarmed Combat
  1845 | D:3      | Reached XP level 5. HP: 34/53 MP: 4/4
  2169 | D:3      | Reached skill level 4 in Unarmed Combat
  2180 | D:3      | Reached XP level 6. HP: 60/62 MP: 5/5
  2336 | D:3      | Found a glowing silver altar of Zin.
  2336 | D:3      | Found a shimmering altar of Xom.
  2336 | D:3      | Noticed an angel
  2518 | D:4      | Reached skill level 5 in Unarmed Combat
  2606 | D:4      | Reached XP level 7. HP: 60/70 MP: 6/6
  3031 | D:4      | Noticed Edmund
  3061 | D:4      | Killed Edmund
  3061 | D:4      | Reached skill level 6 in Unarmed Combat
  3261 | D:5      | Entered Level 5 of the Dungeon
  3352 | D:5      | Reached XP level 8. HP: 56/78 MP: 7/7
  3663 | D:5      | Noticed Duvessa
  3698 | D:5      | Killed Duvessa
  3698 | D:5      | Reached skill level 7 in Unarmed Combat
  3708 | D:5      | Noticed Dowan
  3728 | D:5      | Killed Dowan
  3728 | D:5      | Reached skill level 6 in Throwing
  4449 | D:6      | Reached skill level 8 in Unarmed Combat
  4661 | D:6      | Reached XP level 9. HP: 67/84 MP: 8/8
  4828 | D:6      | Noticed a two-headed ogre
  4884 | D:6      | Killed a two-headed ogre
  4884 | D:6      | Reached skill level 9 in Unarmed Combat
  4961 | D:7      | Found a runed door.
  4993 | D:7      | Reached skill level 1 in Shields
  5301 | D:7      | Noticed a cyan ugly thing
  5307 | D:7      | Noticed Sapher's ghost (amateur GrTm)
  5469 | D:7      | Killed a cyan ugly thing
  5563 | D:7      | Killed Sapher's ghost
  5761 | D:7      | Got a crystal quarterstaff
  6034 | D:7      | Found a staircase to the Ecumenical Temple.
  6044 | D:7      | Reached XP level 10. HP: 86/92 MP: 9/9
  6049 | Temple   | Entered the Ecumenical Temple
  6058 | Temple   | Became a worshipper of Warmaster Okawaru
  6227 | D:7      | Reached skill level 6 in Shields
  6471 | D:7      | Found a roughly hewn altar of Beogh.
  6611 | D:7      | Reached * piety under Okawaru
  6857 | D:8      | Found a shadowy altar of Dithmenos.
  6859 | D:8      | Found a sparkling altar of Nemelex Xobeh.
  7374 | D:8      | Reached ** piety under Okawaru
  7417 | D:8      | Noticed a three-headed hydra
  7425 | D:8      | HP: 3/92 [three-headed hydra (11)]
  7428 | D:8      | Mangled by a three-headed hydra

Vault maps used:
D:1:      nagdon_arrival_zigzag_paths
D:2:      grunt_qazlal_sundering, minmay_cut_off
D:3:      grunt_temple_overflow_order_and_chaos_1
D:4:      first_bread, uniq_edmund
D:5:      bh_walls_and_bars, uniq_duvessa
D:7:      minmay_temple_entry_nine_rooms, lightli_church_of_beogh
D:8:      marbit_many_paths, old_standard_altar, nicolae_overflow_hidden_temple,
          hangedman_ranch, st_stairs_7, uniq_maurice
Temple:   eino_temple_lava

Skill      XL: |  1  2  3  4  5  6  7  8  9 10 |
---------------+-------------------------------+-----
Unarmed Combat | 1 2 3 4 5 6 8 9 |  9.1
Fighting       | 2 3 4 |  4.1
Throwing       | 4 5 7 |  7.8
Shields        | 5 8 |  8.1
Dodging        | |  1.5
Stealth        | |  0.3

Action                   |  1- 3 |  4- 6 |  7- 9 | 10-12 || total
-------------------------+-------+-------+-------+-------++-------
Melee: Unarmed           |    88 |   146 |   214 |   153 ||   601
       Punch             |       |     3 |     3 |       ||     6
 Fire: Blowgun           |       |    14 |    86 |    24 ||   124
Throw: Stone             |     6 |    11 |     7 |       ||    24
       Large rock        |     2 |       |     5 |    11 ||    18
       Javelin           |       |     2 |     8 |     1 ||    11
       Tomahawk          |       |       |    39 |     9 ||    48
Invok: Heroism           |       |       |       |     1 ||     1
  Use: Scroll            |       |       |       |    15 ||    15
       Potion            |       |       |       |     2 ||     2
 Stab: Sleeping          |       |       |     3 |       ||     3
  Eat: Chunk             |    18 |    11 |    31 |    13 ||    73
Armor: Robe              |    34 |    56 |    37 |    25 ||   152
Dodge: Dodged            |    56 |    78 |    57 |    39 ||   230
Block: Shield            |       |       |    31 |    80 ||   111
